Map: Sequencer LE

Players

souL - Winner!

  • Race: Terran Terran
  • Spawn Location: 1:00

PtitDrogo

  • Race: Protoss Protoss
  • Spawn Location: 7:00

Event: WCS Valencia 2017

VOD

Have the link to the VOD?

Description

Time

  • Played on: July 13, 2017, 2:18 p.m.
  • Length: 4:26

All games in this series

Show
View Real Time Build Order
Export as new Build Order

souL Terran - Winner!

Build Orders: 1/1/1, Cyclone Opening 

Get SALT Encoding   

  12  0:00  SCV  
  13  0:13  SCV  
  14  0:17  Supply Depot  
  14  0:25  SCV  
  15  0:30  Refinery  
  15  0:38  SCV  
  16  0:45  Barracks  
  16  0:50  SCV  
  17  1:02  SCV  
  18  1:15  SCV  
  19  1:31  Marine  
  19  1:32  Orbital Command  
  20  1:34  Factory, Refinery  
  20  1:45  Supply Depot  
  20  1:51  Marine  
  21  1:58  SCV  
  22  2:09  Marine  
  22  2:10  SCV  
  24  2:19  Cyclone  
  27  2:24  SCV, Starport  
  27  2:27  Marine  
  29  2:34  Supply Depot  
  29  2:36  SCV  
  30  2:45  Marine  
  31  2:56  SCV, Cyclone  
  35  3:00  Medivac  
  35  3:03  Marine  
  35  3:04  Supply Depot  
  38  3:10  SCV  
  39  3:15  Liberator  
  39  3:26  SCV  
  40  3:32  Widow Mine  
  45  3:40  SCV  
  46  3:52  SCV, Command Center  
  47  3:58  Bunker  
  47  4:18  Barracks Reactor  
Show
View Real Time Build Order
Export as new Build Order

PtitDrogo Protoss 

Build Orders: 1 Gate Expand, Oracle Opening 

Get SALT Encoding   

  12  0:01  Probe (Chrono Boost)  
  13  0:11  Probe (Chrono Boost)  
  14  0:18  Pylon  
  14  0:22  Probe (Chrono Boost)  
  15  0:36  Probe (Chrono Boost)  
  15  0:37  Gateway  
  16  0:46  Probe (Chrono Boost)  
  16  0:48  Assimilator  
  17  0:57  Probe (Chrono Boost)  
  18  1:08  Probe (Chrono Boost)  
  19  1:20  Nexus  
  19  1:24  Probe (Chrono Boost)  
  20  1:33  Cybernetics Core  
  20  1:36  Probe (Chrono Boost)  
  21  1:40  Assimilator  
  21  1:46  Probe (Chrono Boost)  
  22  1:50  Pylon  
  22  1:57  Probe (Chrono Boost)  
  23  2:08  Probe (Chrono Boost)  
  23  2:10  Adept (Chrono Boost)  
  26  2:20  Probe  
  27  2:24  Stargate  
  27  2:30  Warp Gate  
  27  2:31  Probe  
  27  2:32  Probe  
  27  2:34  Adept (Chrono Boost)  
  31  2:42  Probe  
  32  2:44  Probe  
  33  2:52  Probe  
  33  2:56  Probe  
  33  2:58  Adept (Chrono Boost)  
  37  3:03  Probe  
  37  3:04  Pylon  
  38  3:09  Oracle (Chrono Boost)  
  38  3:12  Probe  
  42  3:13  Probe  
  42  3:16  Gateway  
  43  3:22  Gateway  
  43  3:28  Probe  
  43  3:29  Probe  
  45  3:38  Probe  
  47  3:41  Probe  
  47  3:49  Probe  
  47  3:55  Pylon  
  48  3:56  Pylon  
  48  3:59  Pylon  
  41  4:11  Probe  
  41  4:13  Probe  
  42  4:18  Pylon  
Tags
 
Add a new tag
Caveats
  • Supply blocks, unpowered buildings, or Contaminate may cause inaccurate times.
  • Supply counts are checked every 10 seconds.